 Dungeon Crawl Stone Soup version 0.18.1-48-g4cf74bf (webtiles) character file.

331 Gargoyl the Skirmisher (level 6, 0/49 HPs)
             Began as a Demonspawn Abyssal Knight on Sept 9, 2016.
             Was a Priest of Lugonu.
             Slain by a mummy (15 damage)
             ... in an ossuary.
             The game lasted 00:07:28 (3181 turns).

Gargoyl the Skirmisher (Demonspawn Abyssal Knight)  Turns: 3181, Time: 00:07:28

Health: 0/49       AC: 10    Str: 15    XL:     6   Next: 26%
Magic:  7/7        EV:  8    Int: 13    God:    Lugonu [***...]
Gold:   182        SH:  0    Dex: 12    Spells: 0 memorised, 5 levels left

rFire  . . .     SeeInvis +     y - +1 war axe
rCold  . . .     Gourm    .     g - +1 chain mail
rNeg   . . .     Faith    .     (no shield)
rPois  .         Spirit   .     (helmet restricted)
rElec  .         Dismiss  .     (no cloak)
rCorr  .         Reflect  .     (no gloves)
SustAt .         Harm     .     (no boots)
MR     .....                    (no amulet)
Stlth  ..........               b - ring of see invisible
                                v - ring of flight

@: not resistant to hostile enchantments, extremely unstealthy
A: horns 1, rot immunity, sturdy frame 1
a: Depart the Abyss, Bend Space, Banish, Renounce Religion, Evoke Flight


You were in an ossuary.
You worshipped Lugonu.
Lugonu was most pleased with you.
You were not hungry.

You visited 1 branch of the dungeon, and saw 4 of its levels.
You visited the Abyss 1 time.
You also visited: Ossuary.

You collected 182 gold pieces.

Inventory:

Hand Weapons
 k - a +0 spear
 y - a +1 war axe (weapon)
Armour
 g - a +1 chain mail (worn)
Jewellery
 b - a ring of see invisible (right hand)
 v - a ring of flight (left hand)
Wands
 f - a wand of lightning (6/15)
Scrolls
 e - 2 scrolls of identify
 p - 2 scrolls of remove curse
 q - 3 scrolls of enchant armour
Potions
 a - 2 potions of lignification {unknown}
 h - a potion of heal wounds {unknown}
 i - 3 potions of curing
 m - a potion of brilliance {unknown}
 r - 2 potions of flight
 s - a potion of mutation {unknown}
 t - a potion of agility
 x - a potion of cure mutation {unknown}
Comestibles
 c - 2 bread rations
 d - a beef jerky
 j - a fruit
 l - 2 meat rations


   Skills:
 + Level 4.6 Fighting
 + Level 3.2 Axes
 * Level 4.0 Armour
 + Level 1.4 Dodging
 + Level 0.4 Stealth
 + Level 2.6 Invocations


You had 5 spell levels left.
You didn't know any spells.

Dungeon Overview and Level Annotations

Branches:
Dungeon (4/15)
 Temple: D:4-7

Altars:
Trog
Xom
The Shining One

Annotations:
D:3 Grinder


Innate Abilities, Weirdness & Mutations

You have a pair of small horns on your head.
You are immune to rotting.
Your movements are slightly less encumbered by armour (ER -2).


Message History

The mummy hits you! The mummy hits you but does no damage.
Unknown command.
You hit the mummy.
The mummy is almost destroyed.
You hit the mummy.
The mummy is moderately damaged.
The mummy hits you! The mummy closely misses you.
Unknown command.
You hit the mummy.
You destroy the mummy!
Lugonu accepts your kill.
Your Armour skill increases to level 4!
You hit the mummy.
The mummy is moderately damaged.
The mummy hits you.
* * * LOW HITPOINT WARNING * * *
Your chain mail prevents you from hitting the mummy.
The mummy is moderately damaged.
The mummy hits you!
You die...

..............
.............
...........
#........
#...... #Z...#
#...M# #..@.#
#....# #....#
#....# #....#
#....# #.∩∩.#
######


You could see a mummy and a kobold zombie.

Vanquished Creatures
  A crimson imp (D:3)
  An orc wizard (D:4)
  2 orc priests (D:4)
  A giant frog skeleton (D:4)
  Robin (D:2)
  3 mummies (Ossuary)
  2 adders
  An ooze (D:1)
  4 worms
  2 dart slugs (D:1)
  4 giant geckos
  4 orcs
  5 giant cockroaches
  A gnoll zombie (Ossuary)
  16 goblins
  8 hobgoblins
  8 kobolds
  12 bats
  2 giant newts (D:3)
  A hobgoblin zombie (Ossuary)
  3 kobold zombies
  3 orc zombies (Ossuary)
  6 rats
91 creatures vanquished.

Notes
Turn   | Place    | Note
--------------------------------------------------------------
     0 | Abyss:1  | Gargoyl the Demonspawn Abyssal Knight began the quest for the Orb.
     0 | Abyss:1  | Reached XP level 1. HP: 18/18 MP: 2/2
    75 | Abyss:3  | Noticed a lightning spire
    76 | D:1      | Escaped the Abyss
   118 | D:1      | Reached * piety under Lugonu
   170 | D:1      | Gained mutation: You are immune to rotting. [demonic ancestry]
   170 | D:1      | Reached XP level 2. HP: 23/24 MP: 3/3
   556 | D:1      | Reached XP level 3. HP: 29/29 MP: 4/4
   806 | D:2      | Found a glowing golden altar of the Shining One.
  1015 | D:2      | Noticed Robin
  1017 | D:2      | Reached skill level 1 in Dodging
  1020 | D:2      | Reached ** piety under Lugonu
  1037 | D:2      | Killed Robin
  1372 | D:2      | Gained mutation: Your movements are slightly less encumbered by armour (ER -2). [demonic ancestry]
  1372 | D:2      | Reached XP level 4. HP: 37/37 MP: 5/5
  1763 | D:3      | Noticed Grinder
  1781 | D:3      | Paralysed by Grinder for 3 turns
  2237 | D:3      | Found a bloodstained altar of Trog.
  2343 | D:3      | Gained mutation: You have a pair of small horns on your head. [demonic ancestry]
  2343 | D:3      | Reached XP level 5. HP: 37/42 MP: 6/6
  3093 | D:4      | Found a shimmering altar of Xom.
  3140 | D:4      | Found a sand-covered staircase.
  3148 | D:4      | Reached XP level 6. HP: 46/49 MP: 7/7
  3148 | D:4      | Reached *** piety under Lugonu
  3155 | Ossuary  | Entered an ossuary
  3181 | Ossuary  | Slain by a mummy

Skill      XL: |  1  2  3  4  5  6 |
---------------+-------------------+-----
Armour         | 2 3 4 |  4.0
Axes           | 2 3 |  3.2
Dodging        | 1 |  1.4
Fighting       | 4 |  4.6
Stealth        | |  0.4
Invocations    | |  2.6

Action                   |  1- 3 |  4- 6 || total
-------------------------+-------+-------++-------
Melee: Hand axe          |    92 |    59 ||   151
       War axe           |       |   103 ||   103
       Headbutt          |       |    11 ||    11
Invok: Depart the Abyss  |     1 |       ||     1
  Use: Potion            |     4 |       ||     4
       Scroll            |       |    11 ||    11
  Eat: Chunk             |     1 |     6 ||     7
       Fruit             |       |     1 ||     1
Armor: Chain mail        |    98 |   136 ||   234
Dodge: Dodged            |    58 |    78 ||   136
